 Dungeon Crawl Stone Soup version 0.16.2-12-gd0ad4c3 (webtiles) character file.

56 Ijustatesigmund the Sneak (level 3, 0/21 HPs)
             Began as an Octopode Wizard on Oct 21, 2015.
             Succumbed to poison (a potion of poison)
             ... on level 2 of the Dungeon.
             The game lasted 00:08:42 (3387 turns).

Ijustatesigmund the Sneak (Octopode Wizard)         Turns: 3387, Time: 00:08:42

Health: 0/21       AC:  1    Str:  6    XL:     3   Next: 95%
Magic:  0/7        EV: 17    Int: 21    God:
Gold:   91         SH:  0    Dex: 15    Spells: 3 memorised, 3 levels left

rFire  + . .     SeeInvis .     a - +0 short sword (venom)
rCold  + . .     Clarity  .     (no shield)
rNeg   + . .     SustAb   .     b - +0 hat
rPois  +         Gourm    .     g - amulet of warding
rElec  +         Spirit   .     (no ring)
rCorr  +         Warding  +     (no ring)
rMut   .         Stasis   .     (no ring)
MR     .....                    (no ring)
Stlth  +++++.....               (no ring)
                                (no ring)
                                (no ring)
                                (no ring)

@: agile, lethally poisoned (0 -> -5), resistant, very slightly contaminated,
not resistant to hostile enchantments, quite stealthy
A: almost no armour, amphibious, 8 rings, constrict 8, camouflage 1, gelatinous
body 1
a: no special abilities


You were on level 2 of the Dungeon.
You were not hungry.

You visited 1 branch of the dungeon, and saw 3 of its levels.

You collected 91 gold pieces.

Inventory:

Hand weapons
 a - a +0 short sword of venom (weapon)
Missiles
 h - 3 tomahawks (quivered)
Armour
 b - a +0 hat (worn)
Magical staves
 e - an uncursed staff of summoning
Jewellery
 g - an amulet of warding (around mantle)
Scrolls
 f - a scroll of teleportation
Books
 c - a book of Minor Magic

   Spells                             Type                      Level
   a - Magic Dart                     Conjuration                  1
   b - Blink                          Translocation                2
   c - Call Imp                       Summoning                    2
   d - Repel Missiles                 Charms/Air                   2
   e - Slow                           Hexes                        2
   f - Conjure Flame                  Conjuration/Fire             3
   g - Mephitic Cloud                 Conjuration/Poison/Air       3
Comestibles
 d - a bread ration
 m - a meat ration


   Skills:
 - Level 1.1 Short Blades
 - Level 2.0 Dodging
 + Level 4.1 Stealth
 - Level 3.0 Spellcasting
 + Level 2.5 Conjurations
   Level 1.0 Summonings
 - Level 1.0 Translocations


You had 3 spell levels left.
You knew the following spells:

 Your Spells              Type           Power        Failure   Level  Hunger
a - Magic Dart            Conj           ##..         6%          1    None
b - Blink                 Tloc           N/A          14%         2    ##.....
c - Repel Missiles        Chrm/Air       #.....       21%         2    ##.....


Dungeon Overview and Level Annotations

Branches:
Dungeon (3/15)

Altars:
The Shining One

Annotations:
D:3 Ijustatesigmund's ghost, weakling OpWz; Robin


Innate Abilities, Weirdness & Mutations

You cannot wear most types of armour.
You are amphibious.
You can wear up to eight rings at the same time.
You can use your tentacles to constrict many enemies at once.
Your skin changes colour to match your surroundings (Stealth).
Your rubbery body absorbs attacks (AC +1).


Message History

You feel sick. The gnoll misses you.
Drink which item? (? for menu, Esc to quit)
It was a potion of resistance.
You feel protected.
* * * LOW HITPOINT WARNING * * *
You feel sick. The gnoll hits you with a club.
* * * LOW HITPOINT WARNING * * *
* * * LOW HITPOINT WARNING * * *
You feel sick.
* * * LOW HITPOINT WARNING * * *
You feel sick.
A giant newt comes into view.
* * * LOW HITPOINT WARNING * * *
You feel sick.
Casting: Magic Dart
Confirm with . or Enter, or press ? or * to list all spells.
You blink.
* * * LOW HITPOINT WARNING * * *
You feel sick.
You die...

.......##################..#.####
.........#....# #....#..#.##..
..............######.##.#..#.##..
..........#.#..............#.##..
..............######.#######.##..
..............##...............##
.......#.#.#...#.###.#######.#...
###........l.....................
#.#####......#@#.#.#####.###...
#.# #.#.#g##.#.#.# #....... #.#
#......#.#...# ######.. #.#
###.#..#.###### #..
#.#######.##.#......#########..
###......gg......................
...........###.######.#########..
.......(g...##.# #.# ###
...........###.######.#


You could see a giant newt.

Vanquished Creatures
  An adder (D:2)
  A ball python (D:2)
  3 giant cockroaches (D:1)
  10 goblins
  6 hobgoblins
  4 kobolds
  5 bats
  5 giant geckos
  5 giant newts
  2 quokkas (D:2)
  2 rats (D:2)
44 creatures vanquished.

Notes
Turn   | Place    | Note
--------------------------------------------------------------
     0 | D:1      | Ijustatesigmund, the Octopode Wizard, began the quest for the Orb.
     0 | D:1      | Reached XP level 1. HP: 11/11 MP: 4/4
   324 | D:1      | Reached XP level 2. HP: 17/17 MP: 3/6
   328 | D:1      | Learned a level 2 spell: Blink
   331 | D:1      | Learned a level 2 spell: Repel Missiles
   981 | D:1      | Reached skill level 1 in Short Blades
  1363 | D:2      | Reached XP level 3. HP: 12/21 MP: 4/7
  1647 | D:2      | Found a glowing golden altar of the Shining One.
  2730 | D:3      | Noticed Ijustatesigmund's ghost (weakling OpWz)
  3136 | D:3      | Noticed Robin
  3143 | D:2      | Reached skill level 4 in Stealth
  3385 | D:2      | HP: 1/21 [poison (a potion of poison)]
  3387 | D:2      | Succumbed to poison (a potion of poison)

Action                   || total
-------------------------++-------
Melee: Short sword       ||    39
 Cast: Magic Dart        ||    68
       Blink             ||     2
       Repel Missiles    ||     1
  Use: Scroll            ||     5
       Potion            ||     3
 Stab: Sleeping          ||     1
  Eat: Chunk             ||     6
       Fruit             ||     2
